Map: Alcyone LE

Players

pLEITE - Winner!

  • Race: Protoss Protoss
  • League: Diamond
  • Spawn Location: 7:00

LokiBrillian

  • Race: Terran Terran
  • League: Diamond
  • Spawn Location: 1:00

VOD

Have the link to the VOD?

Description

Time

  • Played on: April 15, 2024, 6:18 p.m.
  • Length: 5:27
Show
View Real Time Build Order
Export as new Build Order

pLEITE Protoss - Winner!

Build Orders: 1 Gate Expand 

Get SALT Encoding   

  12  0:00  Probe  
  13  0:12  Probe (Chrono Boost)  
  14  0:17  Pylon  
  14  0:24  Probe (Chrono Boost)  
  15  0:35  Probe (Chrono Boost)  
  16  0:36  Gateway  
  16  0:42  Probe  
  16  0:45  Assimilator  
  17  0:54  Probe  
  18  1:06  Probe  
  19  1:18  Probe  
  19  1:23  Cybernetics Core  
  20  1:32  Nexus  
  20  1:38  Probe  
  21  1:40  Assimilator  
  22  1:57  Pylon  
  22  2:00  Adept (Chrono Boost)  
  22  2:01  Warp Gate  
  23  2:12  Probe  
  23  2:24  Probe  
  23  2:27  Adept (Chrono Boost)  
  26  2:36  Probe  
  27  2:49  Probe (Chrono Boost)  
  29  2:56  Probe (Chrono Boost)  
  30  3:00  Probe (Chrono Boost)  
  30  3:05  Probe (Chrono Boost)  
  31  3:06  Twilight Council  
  31  3:08  Gateway  
  31  3:10  Gateway  
  32  3:13  Probe (Chrono Boost), Gateway  
  32  3:14  Probe (Chrono Boost)  
  33  3:21  Probe  
  33  3:23  Probe  
  35  3:33  Probe  
  36  3:34  Pylon  
  36  3:35  Probe, Stalker (Chrono Boost)  
  39  3:43  Resonating Glaives  
  39  3:45  Probe  
  39  3:47  Probe  
  40  3:58  Probe  
  41  4:04  Probe  
  41  4:08  Stalker x4  
  50  4:10  Probe  
  50  4:16  Probe  
  52  4:19  Pylon  
  52  4:41  Stalker x3  
  52  4:42  Stalker  
  58  4:46  Probe x2  
  58  4:50  Pylon  
  60  4:57  Pylon  
  59  5:16  Nexus  
  59  5:18  Stalker x4, Pylon  
Show
View Real Time Build Order
Export as new Build Order

LokiBrillian Terran 

Build Orders: Reaper Expand 

Get SALT Encoding   

  12  0:00  SCV  
  13  0:12  SCV  
  14  0:17  Supply Depot  
  14  0:25  SCV  
  15  0:39  SCV  
  15  0:40  Barracks  
  16  0:46  Refinery  
  16  0:51  SCV  
  17  1:03  SCV  
  18  1:15  SCV  
  19  1:28  Supply Depot  
  19  1:29  Orbital Command  
  19  1:33  Reaper  
  20  1:56  SCV  
  20  1:58  Command Center  
  21  2:08  Barracks Reactor, SCV  
  21  2:14  Barracks  
  22  2:21  Bunker  
  22  2:23  SCV  
  22  2:27  Refinery  
  23  2:35  SCV  
  24  2:37  Factory  
  24  2:57  Marine x2  
  26  2:59  SCV  
  26  3:01  Barracks Tech Lab  
  27  3:10  Orbital Command  
  27  3:11  SCV  
  28  3:16  Marine x2  
  30  3:23  SCV, Factory Reactor  
  30  3:24  Starport  
  31  3:35  Orbital Command  
  31  3:39  Marine x3  
  31  3:40  Stimpack  
  34  3:47  SCV  
  35  3:57  Marine x2  
  37  4:06  Marine  
  38  4:11  Command Center  
  38  4:13  SCV x2  
  38  4:14  Marine  
  38  4:15  Marine  
  42  4:20  Medivac  
  42  4:23  Medivac  
  46  4:29  Supply Depot  
  46  4:32  Marine  
  46  4:33  Supply Depot  
  46  4:34  Marine  
  46  4:51  Marine x2, SCV x2  
  46  4:52  Marine, Medivac  
  53  5:03  SCV  
  51  5:09  Marine  
Tags
 
Add a new tag
Caveats
  • Supply blocks, unpowered buildings, or Contaminate may cause inaccurate times.
  • Supply counts are checked every 10 seconds.